 Dungeon Sprint DCSS version 0.19.3-4-gbf9329e (webtiles) character file.

1863 Kagutsuchi the Fighter (level 8, -1/86 HPs)
             Began as a Mottled Draconian Berserker on Jan 28, 2017.
             Was an Elder of Trog.
             Slain by a tentacle (26 damage)
             ... attached to a kraken
             ... in the Dungeon (Sprint II: "The Violet Keep of Menkaure").
             The game lasted 00:06:47 (1276 turns).

Kagutsuchi the Fighter (DrBe)                       Turns: 1276, Time: 00:06:48

Health: -1/86      AC:  6    Str: 23    XL:     8   Next: 90%
Magic:  8/8        EV: 17    Int: 12    God:    Trog [****..]
Gold:   91         SH:  0    Dex: 11    Spells: 0 memorised, 7 levels left

rFire  . . .     SeeInvis .     j - +4 dagger (venom)
rCold  . . .     Gourm    .     (armour unavailable)
rNeg   . . .     Faith    .     (no shield)
rPois  .         Spirit   .     (helmet restricted)
rElec  .         Reflect  .     (no cloak)
rCorr  .         Harm     .     (no gloves)
MR     .....     NoTele   +     (no boots)
Stlth  ++........               (no amulet)
                                l - +3 ring of intelligence
                                m - +3 ring of strength

@: very slightly contaminated
A: breathe sticky flame splash, unfitting armour, cold-blooded, AC +6
a: Breathe Sticky Flame, Berserk, Trog's Hand, Brothers in Arms, Burn
Spellbooks, Renounce Religion


You were in the Dungeon.
You worshipped Trog.
Trog was greatly pleased with you.
You were not hungry.

You visited 1 branch You collected 1053 gold pieces.
You spent 962 gold pieces at shops.

Inventory:

Hand Weapons
 a - a +0 falchion
 b - a +0 trident
 j - a +4 dagger of venom (weapon)
 n - a +0 hand axe
 p - a cursed -3 arbalest
Missiles
 o - 7 steel tomahawks (quivered)
 q - 13 bolts
Jewellery
 l - a +3 ring of intelligence (right hand)
 m - a +3 ring of strength (left hand)
Potions
 d - a potion of heal wounds
 e - a potion of haste
 f - 2 potions of magic
 g - a potion of berserk rage
 k - 2 potions of curing
Comestibles
 c - a bread ration
 i - a meat ration


   Skills:
 + Level 13.0 Fighting
 + Level 1.3(8.0) Short Blades
 + Level 12.2 Long Blades
 + Level 10.0 Dodging
 + Level 2.1 Stealth


You had 7 spell levels left.
You didn't know any spells.

Dungeon Overview and Level Annotations

Branches:
Dungeon (1/1)

Altars:
Cheibriados
Dithmenos
Elyvilon
Fedhas
Gozag
Hepliaklqana
Kikubaaqudgha
Makhleb
Nemelex Xobeh
Okawaru
Qazlal
Ru
Sif Muna
Trog
Uskayaw
Vehumet
Xom
Yredelemnul
Zin
The Shining One
Beogh
Jiyva
Lugonu

Shops:
D ([:[[!=:!?%=}!?*

Annotations:
D exclusion: oklob plant


Innate Abilities, Weirdness & Mutations

You can spit globs of burning liquid.
You can ignite nearby creatures when you spit burning liquid.
Your weird mottled scales are hard. (AC +6)
You cannot fit into any form of body armour.
You are cold-blooded and may be slowed by cold attacks.


Message History

You start resting.
HP restored.
Tentacles burst out of the water! 4 tentacles come into view.
The tentacle barely misses you. The tentacle slaps you!
Blink to where?
Press: ? - help, Dir - move target cursor Why would you want to do that?
Blink to where?
Press: ? - help, Dir - move target cursor You are very lightly contaminated with residual magic.
As you read the scroll of blinking, it crumbles to dust.
The tentacle barely misses you. The kraken bites you!
The tentacle slaps you but does no damage. 2 tentacle segments come into view.
You feel much better. The kraken bites you!! The tentacle misses you.
The tentacle slaps you. The kraken bites you!!
* * * LOW HITPOINT WARNING * * *
The tentacle slaps you!!
You die...

. .### }▓![(=?$$[▓▓
...# ##▓$)$%$)(!▓▓
#..# .#▓)???[$)$▓▓
+..# .#▓![!$))[?▓▓
#..# .#▓[!$))(("▓▓
#..##.#▓$$[([(?%▓▓
##^..##▓▓▓▓▓▓▓+▓▓▓▓+▓
.≈≈≈≈≈≈≈≈≈≈≈≈≈.w@Xw≈▓
.≈#'########+###Vww≈▓
.≈#_._.....#tt≈##≈≈≈▓
§≈#._._....#t§§§####▓
≈≈#_._._...#§§≈≈§#
≈≈#._._._..#≈§§≈§§
≈≈#_._._._.#§§§§§≈
≈§#._._._._#§≈≈≈§≈
≈≈#.._._._.


You could see a kraken and 4 tentacles.

Vanquished Creatures
  A siren (D)
  2 hippogriffs (D)
  4 necrophages (D)
  A crocodile (D)
  A scorpion (D)
  4 worker ants (D)
13 creatures vanquished.

Vanquished Creatures (collateral kills)
  A yaktaur (D)
  3 polar bears (D)
  A hornet (D)
5 creatures vanquished.

Vanquished Creatures (others)
  Menkaure (D)
  A crocodile (D)
  12 tentacles (D)
14 creatures vanquished.

Grand Total: 32 creatures vanquished

Notes
Turn   | Place    | Note
-------+----------+-------------------------------------------
     0 | D        | Kagutsuchi the Draconian Berserker began the quest for the Orb.
     0 | D        | Reached XP level 1. HP: 19/19 MP: 1/1
     1 | D        | Noticed a worker ant
     1 | D        | Noticed a worker ant
     1 | D        | Noticed a worker ant
     1 | D        | Noticed a worker ant
     5 | D        | Noticed a siren
    18 | D        | Killed a siren
    18 | D        | Reached skill level 9 in Fighting
    18 | D        | Reached XP level 2. HP: 8/37 MP: 2/2
    18 | D        | Reached XP level 3. HP: 9/42 MP: 3/3
    18 | D        | Reached XP level 4. HP: 11/50 MP: 4/4
    18 | D        | Reached XP level 5. HP: 12/57 MP: 5/5
    18 | D        | Reached XP level 6. HP: 14/63 MP: 6/6
    35 | D        | Killed Menkaure
   330 | D        | Reached ** piety under Trog
   332 | D        | Reached skill level 10 in Fighting
   332 | D        | Your scales start taking on a weird mottled colour.
   332 | D        | Reached XP level 7. HP: 71/71 MP: 7/7
   335 | D        | Reached skill level 10 in Long Blades
   391 | D        | Noticed a hippogriff
   391 | D        | Noticed a hippogriff
   398 | D        | Killed a hippogriff
   398 | D        | Reached *** piety under Trog
   398 | D        | Reached skill level 11 in Fighting
   405 | D        | Killed a hippogriff
   405 | D        | Reached XP level 8. HP: 82/82 MP: 8/8
   420 | D        | Reached **** piety under Trog
   427 | D        | Reached skill level 12 in Fighting
   427 | D        | Reached skill level 1 in Stealth
   444 | D        | Noticed a flying skull
   444 | D        | Noticed a flying skull
   498 | D        | Found Muquadop's Magic Scroll Emporium.
   498 | D        | Found Cezoqiv's Jewellery Emporium.
   498 | D        | Found Irchic's Distillery.
   498 | D        | Found Tuxez's Distillery.
   498 | D        | Found Mapniot's Food Shoppe.
   499 | D        | Found Kabunow's Book Shoppe.
   499 | D        | Found Eleilosa's General Store.
   499 | D        | Found Esutaqyt's Gadget Shoppe.
   499 | D        | Found Okejav's Magic Scroll Shoppe.
   500 | D        | Found Qoexipan's Jewellery Shoppe.
   500 | D        | Found Xegruzov's Distillery.
   500 | D        | Noticed an ice dragon
   502 | D        | Noticed a manticore
   502 | D        | Found Ipaogrib's Antique Armour Emporium.
   502 | D        | Found Juruy's Antique Armour Shoppe.
   502 | D        | Noticed an oklob plant
   503 | D        | Found Koijoe's Antique Armour Shoppe.
   503 | D        | Found Nakka's Book Shoppe.
   503 | D        | Found Pasourhoe's Antique Weapon Emporium.
   505 | D        | Noticed a manticore
   632 | D        | Bought a bread ration for 65 gold pieces
   632 | D        | Bought a meat ration for 65 gold pieces
   633 | D        | Noticed a manticore
   640 | D        | Bought a glowing dagger for 168 gold pieces
   649 | D        | Bought a scroll of enchant weapon for 105 gold pieces
   650 | D        | Bought a scroll of enchant weapon for 105 gold pieces
   659 | D        | Bought a potion of heal wounds for 50 gold pieces
   659 | D        | Bought a potion of curing for 30 gold pieces
   659 | D        | Bought a potion of curing for 30 gold pieces
   659 | D        | Bought a potion of curing for 30 gold pieces
   664 | D        | Noticed a polar bear
   667 | D        | Noticed a polar bear
   667 | D        | Bought a +3 ring of intelligence for 157 gold pieces
   667 | D        | Bought a +3 ring of strength for 157 gold pieces
   698 | D        | Received a gift from Trog
   734 | D        | Found an iron altar of Okawaru.
   734 | D        | Found a radiant altar of Vehumet.
   734 | D        | Found a glowing golden altar of the Shining One.
   735 | D        | Found a sparkling altar of Nemelex Xobeh.
   735 | D        | Found a hide-covered altar of Uskayaw.
   735 | D        | Found a glowing silver altar of Zin.
   736 | D        | Found an opulent altar of Gozag.
   736 | D        | Found a burning altar of Makhleb.
   736 | D        | Found a bloodstained altar of Trog.
   736 | D        | Found a basalt altar of Yredelemnul.
   738 | D        | Found a blossoming altar of Fedhas.
   738 | D        | Found a corrupted altar of Lugonu.
   738 | D        | Found a deep blue altar of Sif Muna.
   764 | D        | Found a white marble altar of Elyvilon.
   764 | D        | Found an ancient bone altar of Kikubaaqudgha.
   765 | D        | Found a shadowy altar of Dithmenos.
   765 | D        | Found a viscous altar of Jiyva.
   766 | D        | Found a snail-covered altar of Cheibriados.
   767 | D        | Found a roughly hewn altar of Beogh.
   767 | D        | Noticed a polar bear
   768 | D        | Noticed a polar bear
   768 | D        | Noticed a polar bear
   769 | D        | Noticed a hornet
   769 | D        | Found a sacrificial altar of Ru.
   769 | D        | Found a hazy altar of Hepliaklqana.
   769 | D        | Noticed a yaktaur
   771 | D        | Killed a polar bear
   772 | D        | Paralysed by a hornet for 1 turns
   773 | D        | Killed a hornet
   775 | D        | Killed a polar bear
   779 | D        | Killed a polar bear
   779 | D        | Reached skill level 1 in Short Blades
   780 | D        | Killed a yaktaur
   780 | D        | Reached skill level 13 in Fighting
   780 | D        | Reached skill level 10 in Dodging
   791 | D        | Found a shimmering altar of Xom.
   791 | D        | Found a stormy altar of Qazlal.
  1084 | D        | Noticed a kraken
  1276 | D        | Slain by a tentacle

Skill      XL: |  1  2  3  4  5  6  7  8 |
---------------+-------------------------+-----
Fighting       | 9 10 11 13 | 13.0
Long Blades    | 8 9 11 12 | 12.2
Dodging        | 7 8 10 | 10.0
Stealth        | 2 |  2.1
Short Blades   | 1 |  1.3

Action                   |  1- 3 |  4- 6 |  7- 9 || total
-------------------------+-------+-------+-------++-------
Melee: Falchion          |    11 |     7 |    34 ||    52
       Tailslap          |     1 |     1 |    13 ||    15
       Dagger            |       |       |    24 ||    24
Invok: Berserk           |     1 |     1 |     2 ||     4
       Brothers in Arms  |       |       |     1 ||     1
  Use: Scroll            |       |       |     3 ||     3
       Potion            |       |       |     3 ||     3
  Eat: Bread ration      |       |       |     1 ||     1
Armor: Skin              |       |       |    17 ||    17
Dodge: Dodged            |     5 |     1 |    61 ||    67
       Rpst.: Falchion   |     3 |       |    15 ||    18
